 Dungeon Crawl Stone Soup version 0.30-a0-1074-g5db6f66fbb (webtiles) character file.

Game seed: 6719236362215877605

79 Pimp the Firebug (level 4, -4/30 HPs)
             Began as a Demonspawn Fire Elementalist on Apr 13, 2023.
             Killed from afar by a white imp (8 damage)
             ... with a puff of frost
             ... summoned by Eustachio
             ... on level 4 of the Dungeon.
             The game lasted 00:09:03 (2790 turns).

Pimp the Firebug (Demonspawn Fire Elementalist)     Turns: 2790, Time: 00:09:04

Health: -4/30      AC:  3    Str:  7 (8)  XL:     4   Next: 17%
Magic:  2/7        EV: 12    Int: 18      God:
Gold:   108        SH:  0    Dex: 13 (14) Spells: 5/8 levels left

rFire   . . .      SeeInvis .    r - +0 short sword
rCold   . . .      Faith    .    (no shield)
rNeg    . . .      Spirit   .    a - +0 robe
rPois   +          Reflect  .    (no helmet)
rElec   .          Rampage  .    (no cloak)
rCorr   .                        (no gloves)
Will    +....                    (no boots)
Stlth   ++                       q - amulet of magic regeneration
HPRegen 0.25/turn                (no ring)
MPRegen 0.60/turn                (no ring)

@: no status effects
A: rugged brown scales 1, magic regeneration, deterioration 1, strong-willed 1,
sense surroundings 1, poison resistance
a: no special abilities


You were on level 4 of the Dungeon.
You visited 1 branch of the dungeon, and saw 4 of its levels.

You collected 108 gold pieces.

Inventory:

Hand Weapons
 r - a +0 short sword (weapon)
 x - a +3 glaive
Armour
 a - a +0 robe (worn)
Jewellery
 q - an amulet of magic regeneration (around neck)
Wands
 k - a wand of paralysis (10)
Scrolls
 b - a scroll of noise {unknown}
 c - 2 scrolls of vulnerability {unknown}
 d - a scroll of poison {unknown}
 m - a scroll of enchant armour {unknown}
 o - a scroll of identify {unknown}
 p - 2 scrolls of fog {unknown}
 s - a scroll of teleportation {unknown}
 t - a scroll of enchant weapon {unknown}
 u - a scroll of acquirement {unknown}
 w - a scroll of blinking {unknown}
Potions
 e - a potion of heal wounds {unknown}
 f - a potion of mutation
 g - a potion of invisibility {unknown}
 h - a potion of haste
 i - a potion of cancellation {unknown}
 j - 2 potions of curing
 l - a potion of brilliance {unknown}
 n - a potion of flight {unknown}
 v - a potion of might {unknown}


   Skills:
 + Level 2.3 Dodging
 + Level 2.4 Stealth
 + Level 2.5 Spellcasting
 + Level 1.9 Conjurations
 + Level 3.1 Fire Magic


You had 5 spell levels left.
You knew the following spells:

 Your Spells              Type           Power      Damage    Failure   Level
a - Foxfire               Conj/Fire      44%        2x1d6     6%          1
b - Scorch                Fire           26%        2d6       7%          2

Your spell library contained the following spells:

 Spells                   Type           Power      Damage    Failure   Level
 Magic Dart               Conj           36%        1d4       8%          1
 Searing Ray              Conj           18%        2d5       12%         2
 Inner Flame              Hex/Fire       8%         N/A       26%         3
 Volatile Blastmotes      Fire/Tloc      16%        2d11      26%         3
 Flame Wave               Conj/Fire      11%        2d6       52%         4
 Fulminant Prism          Conj/Hex       2%         3d5       75%         4


Dungeon Overview and Level Annotations

Branches:
Dungeon (4/15)
 Temple: D:4-7

Altars:

Shops:
D:2 [   D:3 (

Annotations:
D:4 Eustachio


Innate Abilities, Weirdness & Mutations

You are partially covered in rugged brown scales. (AC +1, +3% HP)
You regenerate magic rapidly.
Your body sometimes deteriorates upon taking damage.
You are strong-willed. (Will+)
You passively map a small area around you.
Your system is resistant to poisons. (rPois)


Message History

Flames lash Eustachio.
Eustachio is burned terribly!
Eustachio is moderately wounded.
The shadow imp hits you.
Unknown command.
Casting: Scorch (safe; 7% risk of failure)
Confirm with . or Enter, or press ? or * to list all spells.
You conjure some foxfire!
Eustachio screams, "At last I'll have my revenge!"
Eustachio gestures wildly while chanting.
The shadow imp hits you. The white imp misses you.
Casting: Foxfire (safe; 6% risk of failure)
Confirm with . or Enter, or press ? or * to list all spells.
Flames lash the shadow imp.
The shadow imp is heavily wounded.
The shadow imp's fire resistance burns away.
The shadow imp disappears in a puff of smoke!
The white imp disappears in a puff of smoke!
The foxfire hits the white imp.
The white imp is burned terribly!
The white imp is moderately wounded.
The foxfire hits Eustachio.
Eustachio is burned terribly!
Eustachio is moderately wounded.
The white imp gestures at you. The puff of frost hits you!
The white imp gestures at you. The puff of frost hits you!
* * * LOW HITPOINT WARNING * * *
Your body deteriorates!
You feel clumsy.
You hit Eustachio but do no damage.
Eustachio is moderately wounded.
Eustachio closely misses you. The white imp closely misses you. x2
Casting: Scorch (safe; 7% risk of failure)
Confirm with . or Enter, or press ? or * to list all spells.
Flames lash Eustachio.
Eustachio is burned terribly!
Eustachio is severely wounded.
Eustachio hits you with a +0 rapier.
* * * LOW HITPOINT WARNING * * *
The white imp closely misses you. The white imp gestures at you.
The puff of frost hits you!
You die...

#..............# ....
*
##.............##...#
#...................##
, *
###...................
#.#...........?..... *
###...........[.... ,
# ###.........[#.# ...
#..)<......5###..... *
##.....#.5@@......#
####......5....#...
#............#
..............#
........>........ *
.................#
,..........##......
*....###..#*...... * ,


You could see Eustachio (combustible), a crimson imp (summoned) and 2 white
imps.

Vanquished Creatures
  An adder (D:2)
  2 worms
  4 orcs (D:4)
  5 endoplasms
  3 giant cockroaches
  3 goblins
  3 hobgoblins
  10 jackals (D:2)
  A quokka (D:1)
  5 ball pythons
  8 bats
  3 frilled lizards
  2 kobolds
  5 rats
55 creatures vanquished.

Vanquished Creatures (collateral kills)
  A foxfire (D:2)
1 creature vanquished.

Vanquished Creatures (others)
  86 foxfires
  A plant (D:3)
87 creatures vanquished.

Grand Total: 143 creatures vanquished

Notes
Turn   | Place    | Note
-------+----------+-------------------------------------------
     0 | D:1      | Pimp the Demonspawn Fire Elementalist began the quest for
                  | the Orb.
     0 | D:1      | Reached XP level 1. HP: 13/13 MP: 3/3
   453 | D:1      | Gained mutation: You are partially covered in rugged brown
                  | scales. (AC +1, +3% HP) [demonic ancestry]
   453 | D:1      | Reached XP level 2. HP: 13/19 MP: 1/5
  1199 | D:2      | Learned a level 2 spell: Scorch
  1290 | D:2      | Found Faebbuimn's Armour Boutique.
  1354 | D:2      | Gained mutation: You regenerate magic rapidly. [demonic
                  | ancestry]
  1354 | D:2      | Reached XP level 3. HP: 22/24 MP: 6/6
  1394 | D:2      | Reached skill level 3 in Fire Magic
  1480 | D:2      | Gained mutation: You passively map a small area around you.
                  | [potion of mutation]
  1480 | D:2      | Gained mutation: You are strong-willed. (Will+) [potion of
                  | mutation]
  1480 | D:2      | Gained mutation: Your body sometimes deteriorates upon
                  | taking damage. [potion of mutation]
  1480 | D:2      | Gained mutation: Your system is resistant to poisons.
                  | (rPois) [potion of mutation]
  1480 | D:2      | HP: 1/24 [jackal (1)]
  1919 | D:3      | Found Jaoc's Weapon Emporium.
  2354 | D:3      | Reached XP level 4. HP: 30/30 MP: 5/7
  2744 | D:4      | Noticed Eustachio
  2790 | D:4      | Killed from afar by a white imp

Illustrated notes

Levels and vault maps discovered:
D:1:      psy_arrival_spokes, layout_basic
D:2:      layout_basic, serial_shops, shop, glass_columns_a
D:3:      layout_loops_corners, serial_shops, shop, serial_bayou_lagoon_b
D:4:      minmay_chambers_of_twos, layout_cave_pools, kennysheep_mini_moat,
          uniq_eustachio

Skill      XL: |  1  2  3 |
---------------+----------+-----
Stealth        | 2 |  2.4
Dodging        | 2 |  2.3
Fire Magic     | 3 |  3.1
Spellcasting   | |  2.5
Conjurations   | |  1.9

Action                     |  1- 3 |  4- 6 || total
---------------------------+-------+-------++-------
  Melee: Unarmed           |     9 |       ||     9
         Short sword       |    24 |     9 ||    33
   Cast: Foxfire           |    61 |     4 ||    65
         Scorch            |    22 |    14 ||    36
    Use: Potion            |     5 |       ||     5
   Stab: Sleeping          |     1 |       ||     1
 Armour: Robe              |    32 |       ||    32
  Dodge: Dodged            |    90 |    10 ||   100

Table legend: (Time is in decaauts)
 A = Elapsed time spent in this place.
 B = Non-inter-level travel time spent in this place.
 C = Inter-level travel time spent in this place.
 D = Time resting spent in this place.
 E = Time spent auto-exploring this place.
 F = Levels seen in this place.
 G = Mean time per level.
                   A        B        C        D        E       F      G
               +--------+--------+--------+--------+--------+-----+--------+
         Total |   2810 |   2743 |     67 |    198 |   1980 |   4 |  702.5 |
       Dungeon |   2810 |   2743 |     67 |    198 |   1980 |   4 |  702.5 |
               +--------+--------+--------+--------+--------+-----+--------+

Top non-repeatable levels by time:
     D:1: 967 daAuts
     D:3: 943 daAuts
     D:2: 827 daAuts
     D:4: 73 daAuts
